 Dungeon Crawl Stone Soup version 0.18.1-48-g4cf74bf (webtiles) character file.

31 Alarkh the Insei (level 3, -3/28 HPs)
             Began as a Vampire Chaos Knight on July 23, 2016.
             Slain by a quokka (5 damage)
             ... on level 1 of the Dungeon.
             The game lasted 00:01:33 (749 turns).

Alarkh the Insei (Vampire Chaos Knight)              Turns: 749, Time: 00:01:34

Health: -3/28      AC:  5    Str: 11    XL:     3   Next: 7%
Magic:  3/3        EV: 12    Int: 15    God:    Xom [..*...]
Gold:   13         SH:  0    Dex: 13    Spells: 0 memorised, 2 levels left

rFire  . . .     SeeInvis +       - Unarmed
rCold  . . .     Gourm    .     a - +2 leather armour
rNeg   + . .     Faith    .     (no shield)
rPois  .         Spirit   .     (no helmet)
rElec  .         Dismiss  .     (no cloak)
rCorr  .         Reflect  .     (no gloves)
SustAt .         Harm     +     (no boots)
MR     .....                    e - amulet of harm
Stlth  +.........               (no ring)
                                o - -4 ring of slaying (curse)

@: not resistant to hostile enchantments, very unstealthy
A: fangs 3, see invisible, unbreathing
a: Bat Form, Renounce Religion


You were on level 1 of the Dungeon.
You worshipped Xom.
You were a toy of Xom.
You were not thirsty.

You visited 1 branch of the dungeon, and saw 2 of its levels.

You collected 13 gold pieces.

Inventory:

Armour
 a - a +2 leather armour (worn)
Jewellery
 e - an amulet of harm (around neck)
 o - a cursed -4 ring of slaying (left hand)
Scrolls
 i - a scroll of enchant weapon
Potions
 b - 6 potions of blood
 d - a potion of brilliance
 h - a potion of flight
 j - a potion of curing
 k - a potion of cure mutation {unknown}


   Skills:
 - Level 2.6 Fighting
 - Level 0.7 Armour
 - Level 2.1 Dodging
 + Level 4.6 Unarmed Combat


You had 2 spell levels left.
You didn't know any spells.

Dungeon Overview and Level Annotations

Branches:
Dungeon (2/15)

Altars:


Innate Abilities, Weirdness & Mutations

You have razor-sharp teeth.
You have supernaturally acute eyesight.
You can survive without breathing.


Message History

The jackal barely misses you. x2
The jackal bites you but does no damage.
The jackal bites you but does no damage.
The jackal bites you but does no damage.
There is a stone staircase leading up here.
The jackal bites you.
* * * LOW HITPOINT WARNING * * *
The quokka bites you but does no damage.
The jackal bites you but does no damage.
You climb upwards.
There is a stone staircase leading down here.
You punch the jackal!
You kill the jackal!
The quokka closely misses you.
You hit the quokka but do no damage. You bite the quokka, but do no damage.
The quokka barely misses you.
You completely miss the quokka.
The quokka bites you but does no damage.
You miss the quokka. The quokka bites you.
You die...

#.# #.#.......##.#.# ##.#
#.##.....###.#.# .#.##
#.###...###.#..# ..#.##
##.##.......###.#
..##.######.#.#.#####..#(##
#.###......###..# #.#.##
#.##.######.#.### #.#.#
#.#.## ##.########.#.#
#..## #....@rh.....# #..#
################.###
#..###....# #.# .......##.#
#.# #########.###########.#
#......†......#
###############


You could see a quokka and a jackal.

Vanquished Creatures
  An ooze (D:2)
  A dart slug (D:1)
  A giant gecko (D:2)
  3 goblins
  4 hobgoblins
  2 jackals
  A kobold (D:1)
  3 bats (D:1)
  2 giant newts (D:1)
  4 rats (D:1)
22 creatures vanquished.

Vanquished Creatures (others)
  A bat (D:1)
1 creature vanquished.

Grand Total: 23 creatures vanquished

Notes
Turn   | Place    | Note
--------------------------------------------------------------
     0 | D:1      | Alarkh the Vampire Chaos Knight began the quest for the Orb.
     0 | D:1      | Reached XP level 1. HP: 17/17 MP: 1/1
   214 | D:1      | Reached XP level 2. HP: 23/23 MP: 2/2
   223 | D:1      | Reached skill level 4 in Unarmed Combat
   321 | D:1      | XOM: divination: detect creatures
   439 | D:1      | XOM: harmless Divn miscast
   515 | D:1      | XOM: mild Chrm miscast
   575 | D:1      | XOM: god gift: scroll labeled YRRIKY MOUSS
   695 | D:2      | Reached XP level 3. HP: 27/28 MP: 3/3
   749 | D:1      | Slain by a quokka

Skill      XL: |  1  2 |
---------------+-------+-----
Unarmed Combat | 4 |  4.6
Fighting       | |  2.6
Armour         | |  0.7
Dodging        | |  2.1

Action                   || total
-------------------------++-------
Melee: Unarmed           ||    78
       Bite              ||     5
  Use: Scroll            ||     9
Armor: Leather armour    ||    39
Dodge: Dodged            ||    81
